 Dungeon Crawl Stone Soup version 0.30-a0-358-g0d69a1922f (webtiles) character file.

Game seed: 12626057880785843136

76 Maxmaps the Cudgeller (level 4, -5/48 HPs)
             Began as an Ogre Monk on Nov 8, 2022.
             Slain by a small abomination (11 damage)
             ... on level 1 of the Abyss.
             The game lasted 00:01:36 (1485 turns).

Maxmaps the Cudgeller (Ogre Monk)                   Turns: 1485, Time: 00:01:36

Health: -5/48      AC:  3    Str: 15    XL:     4   Next: 32%
Magic:  4/4        EV: 10    Int: 13    God:
Gold:   21         SH:  0    Dex: 11    Spells: 3/3 levels left

rFire   . . .      SeeInvis .    a - +0 mace
rCold   . . .      Faith    .    (no shield)
rNeg    . . .      Spirit   .    b - +0 robe
rPois   .          Reflect  .    (helmet restricted)
rElec   .          Harm     .    (no cloak)
rCorr   .          Rampage  .    (gloves unavailable)
Will    .....                    (boots unavailable)
Stlth   ++........               (no amulet)
HPRegen 0.28/turn                (no ring)
MPRegen 0.09/turn                (no ring)

@: no status effects
A: large, unfitting armour, tough skin 1
a: no special abilities


You were on level 1 of the Abyss.
You visited 1 branch of the dungeon, and saw 2 of its levels.
You visited the Abyss 1 time.

You collected 21 gold pieces.

Inventory:

Hand Weapons
 a - a +0 mace (weapon)
Armour
 b - a +0 robe (worn)
Scrolls
 c - a scroll of acquirement {unknown}
 d - a scroll of vulnerability {unknown}
 g - 2 scrolls of identify {unknown}
 h - a scroll of teleportation {unknown}
Potions
 e - 3 potions of curing {unknown}
 f - a potion of invisibility {unknown}
 i - a potion of heal wounds {unknown}


   Skills:
 - Level 4.0 Fighting
 + Level 4.5 Maces & Flails
 - Level 2.6 Dodging
 - Level 1.4 Stealth


You had 3 spell levels left.
You didn't know any spells.
Your spell library was empty.

Dungeon Overview and Level Annotations

Branches:
Dungeon (2/15)

Altars:

Shops:
D:2 =

Annotations:
D:2 Crazy Yiuf


Innate Abilities, Weirdness & Mutations

You are too large for most types of armour.
You have tough skin. (AC +1)


Message History

No target in view!
No target in view!
No target in view!
No target in view!
No target in view!
No target in view!
No target in view!
There is an open door here.
There is an open door here.
You see here a +0 short sword.
You open the door.
There is an open translucent door here.
Crazy Yiuf shouts!
You hit Crazy Yiuf but do no damage.
Crazy Yiuf hits you with a +3 quarterstaff of chaos!
You are cast into the Abyss!
This branch contains the abyssal rune of Zot.
Unknown command.
HP restored.
There is an open translucent door here.
A small abomination appears in a shower of translocational energy.
A small abomination is nearby!
You start waiting.
A small abomination is nearby!
You catch the helpless small abomination completely off-guard!
You thump the small abomination!
The small abomination is moderately damaged.
The small abomination hits you!! x2
* * * LOW HITPOINT WARNING * * *
You hit the small abomination but do no damage.
The small abomination is moderately damaged.
The small abomination hits you.
* * * LOW HITPOINT WARNING * * *
You barely miss the small abomination.
The small abomination is moderately damaged.
The small abomination barely misses you.
You barely miss the small abomination.
The small abomination is moderately damaged.
The small abomination hits you!
You die...

#... #. . .. ##
## ..#.....
#.x§~... ....
######. ......
........######
. ### ##..♣♣♣
#..≈.♣♣♣
#..~x@.♣♣ ###
#..~~♣...#. .
#...♣♣.♣.'...#
##..♣♣♣♣♣♣#....
#...♣ #####♣
###♣♣


You could see a small abomination.

Vanquished Creatures
  Robin (D:1)
  An adder (D:2)
  A dart slug (D:1)
  3 endoplasms
  4 giant cockroaches
  6 hobgoblins
  4 kobolds
  2 quokkas (D:1)
  3 ball pythons (D:1)
  7 bats
  2 frilled lizards (D:1)
  12 goblins
  5 rats
51 creatures vanquished.

Notes
Turn   | Place    | Note
-------+----------+-------------------------------------------
     0 | D:1      | Maxmaps the Ogre Monk began the quest for the Orb.
     0 | D:1      | Reached XP level 1. HP: 24/24 MP: 1/1
    38 | D:1      | Found a faded altar of an unknown god.
   147 | D:1      | Reached XP level 2. HP: 32/32 MP: 2/2
   271 | D:1      | Reached XP level 3. HP: 28/39 MP: 3/3
   661 | D:2      | Noticed Robin
   808 | D:1      | Killed Robin
   909 | D:2      | Reached XP level 4. HP: 48/48 MP: 4/4
   949 | D:2      | Found Duhy's Jewellery Shoppe.
  1247 | D:2      | Found a runed translucent door.
  1248 | D:2      | Noticed Crazy Yiuf
  1416 | Abyss:1  | Cast into level 1 of the Abyss (Crazy Yiuf)
  1460 | Abyss:1  | Noticed a small abomination
  1485 | Abyss:1  | Slain by a small abomination

Illustrated notes

Levels and vault maps discovered:
D:1:      dpeg_arrival_tiny_c, layout_rooms, shapermc_ecumenical_altar_ellora
D:2:      layout_basic, serial_shops, shop, uniq_robin, uniq_crazy_yiuf_cottage
Abyss:1:  base:
D:2

Skill      XL: |  1  2  3 |
---------------+----------+-----
Maces & Flails | 3 4 |  4.5
Fighting       | |  4.0
Dodging        | |  2.6
Stealth        | |  1.4

Action                   |  1- 3 |  4- 6 || total
-------------------------+-------+-------++-------
Melee: Mace              |   125 |    35 ||   160
  Use: Potion            |     1 |       ||     1
 Stab: Sleeping          |     2 |     1 ||     3
       Distracted        |       |     1 ||     1
Armor: Robe              |    47 |     9 ||    56
Dodge: Dodged            |    95 |    18 ||   113

Table legend: (Time is in decaauts)
 A = Elapsed time spent in this place.
 B = Non-inter-level travel time spent in this place.
 C = Inter-level travel time spent in this place.
 D = Time resting spent in this place.
 E = Time spent auto-exploring this place.
 F = Levels seen in this place.
 G = Mean time per level.
                   A        B        C        D        E       F      G
               +--------+--------+--------+--------+--------+-----+--------+
         Total |   1521 |   1418 |    103 |    176 |    854 |   3 |  507.0 |
       Dungeon |   1451 |   1348 |    103 |    166 |    817 |   2 |  725.5 |
         Abyss |     69 |     69 |      0 |     10 |     37 |   1 |   69.0 |
               +--------+--------+--------+--------+--------+-----+--------+

Top non-repeatable levels by time:
     D:1: 864 daAuts
     D:2: 586 daAuts
 Abyss:1: 69 daAuts
